AoeStats
← tonytctang

Lombardia

507022982Analyzed
4v4 RM · 15d ago on Sep 16, 2026· 48m 6s· 8 players
Game mode
Random Map
Map size
Large (8 player)
Population
200
Speed
Normal
Resources
Standard
Victory
Conquest
Starting age
Dark Age
Ending age
Imperial Age
RankedLock teamsTeams togetherTeam positionsShared explorationLock speedFull tech treeHidden civsTurbo modeCheats
Victory
Defeat
🇭🇰 Mongols · Hong Kong SAR China
1138
+12
🇭🇰 Saracens · Hong Kong SAR China
1132
+12
🇪🇸 Franks · Spain
1131
+12
1032
+17
🇹🇼 Shu · Taiwan
1083
-15
🇨🇳 Cumans · China
1070
-14
🇮🇳 Franks · India
1028
-12
🇨🇳 Jurchens · China
1025
-12
超自然震動
11:49 Feudal Age
12:14 Loom
13:03 Double-Bit Axe
15:30 Castle Age
13:19 Horse Collar
14:10 Gold Mining
14:26 Stone Mining
17:06 Wheelbarrow
17:14 Bow Saw
22:31 Town Watch
25:56 Hand Cart
26:35 Fletching
27:43 Squires
29:13 Forging
29:04 Scale Mail Armor
33:30 Imperial Age
31:43 Bodkin Arrow
31:49 Padded Archer Armor
32:05 Chain Mail Armor
31:55 Heavy Plow
34:08 Leather Archer Armor
34:02 Thumb Ring
33:34 Elite Skirmisher
34:52 Bracer
35:23 Plate Mail Armor
35:16 Ballistics
35:09 Masonry
36:02 Chemistry
38:50 Conscription
39:16 Conscription
38:58 Bolt Magazine
41:58 Ring Archer Armor
41:09 Pikeman
42:45 Halberdier
Newplayer
4:42 Loom
11:27 Feudal Age
15:29 Castle Age
14:07 Double-Bit Axe
19:36 Wheelbarrow
23:15 Husbandry
28:18 Scale Barding Armor
28:23 Forging
28:30 Gold Mining
28:31 Stone Mining
30:38 Gold Shaft Mining
33:19 Hand Cart
34:32 Chain Barding Armor
34:48 Iron Casting
35:44 Elite Skirmisher
40:07 Imperial Age
38:37 Padded Archer Armor
38:27 Fletching
40:11 Pikeman
40:52 Squires
40:37 Gambesons
40:38 Arson
41:23 Conscription
41:11 Chivalry
41:18 Cavalier
41:33 Halberdier
43:06 Paladin
45:40 Bow Saw
47:44 Plate Barding Armor
48:09 Blast Furnace
48:07 Ballistics
47:58 Masonry
AJ老师
0:27 Loom
12:51 Feudal Age
19:03 Castle Age
17:16 Horse Collar
18:11 Double-Bit Axe
34:33 Heavy Plow
34:45 Bow Saw
36:36 Wheelbarrow
41:41 Hand Cart
41:21 Gold Mining
41:20 Town Watch
yitxdiku
3:37 Loom
10:55 Feudal Age
14:15 Double-Bit Axe
17:02 Castle Age
14:55 Horse Collar
17:09 Wheelbarrow
18:04 Bow Saw
18:53 Heavy Plow
23:58 Gold Mining
26:43 Gold Shaft Mining
26:53 Bloodlines
27:56 Hand Cart
28:12 Forging
28:42 Scale Barding Armor
30:51 Iron Casting
30:52 Caravan
34:19 Stone Mining
34:52 Chain Barding Armor
38:22 Imperial Age
35:44 Town Watch
39:34 Guilds
40:37 Chemistry
39:57 Ballistics
39:48 Masonry
39:36 Murder Holes
40:59 Blast Furnace
40:34 Plate Barding Armor
39:50 Fletching
40:00 Padded Archer Armor
40:10 Elite Steppe Lancer
41:44 Parthian Tactics
41:54 Town Patrol
42:28 Conscription
42:10 Steppe Husbandry
44:25 Elite Kipchak
45:08 Bodkin Arrow
45:28 Leather Archer Armor
46:31 Crop Rotation
47:02 Two-Man Saw
Naua
5:48 Loom
10:47 Feudal Age
11:36 Double-Bit Axe
15:16 Wheelbarrow
20:42 Castle Age
19:43 Scale Barding Armor
22:09 Bow Saw
22:09 Gold Mining
22:18 Stone Mining
22:46 Forging
22:37 Scale Mail Armor
22:58 Chain Barding Armor
22:57 Husbandry
26:20 Hand Cart
31:08 Caravan
33:13 Gold Shaft Mining
33:50 Iron Casting
37:56 Imperial Age
38:39 Fletching
38:14 Cavalier
39:45 Conscription
39:27 Chivalry
40:46 Plate Barding Armor
41:12 Blast Furnace
40:00 Paladin
Neutron star collision
4:08 Loom
11:35 Feudal Age
12:10 Double-Bit Axe
15:24 Forging
15:48 Gold Mining
23:31 Castle Age
21:59 Stone Mining
22:43 Scale Barding Armor
22:28 Horse Collar
24:57 Heavy Plow
25:13 Bow Saw
29:50 Wheelbarrow
29:48 Husbandry
31:28 Hand Cart
35:38 Imperial Age
34:03 Gold Shaft Mining
33:45 Treadmill Crane
36:28 Fortified Wall
37:51 Iron Casting
38:15 Conscription
39:02 Crop Rotation
39:43 Two-Man Saw
39:44 Chain Barding Armor
39:28 Heavy Camel Rider
40:51 Stone Shaft Mining
40:38 Ballistics
40:49 Caravan
43:54 Chemistry
48:09 Plate Barding Armor
kit7292001
2:43 Loom
11:25 Feudal Age
15:29 Double-Bit Axe
15:38 Horse Collar
18:07 Castle Age
17:23 Fletching
18:29 Wheelbarrow
19:50 Bow Saw
21:08 Squires
24:22 Bodkin Arrow
25:45 Husbandry
25:56 Bloodlines
28:33 Gold Mining
29:01 Hand Cart
29:55 Padded Archer Armor
30:01 Scale Barding Armor
34:23 Imperial Age
35:42 Parthian Tactics
35:25 Bracer
35:41 Leather Archer Armor
35:53 Ballistics
36:33 Chemistry
35:40 Siege Engineers
36:35 Elite Mangudai
38:27 Caravan
42:07 Gold Shaft Mining
41:26 Stone Mining
46:49 Forging
47:00 Chain Barding Armor
46:41 Scale Mail Armor
tonytctang
4:04 Loom
10:47 Feudal Age
12:11 Double-Bit Axe
12:08 Horse Collar
19:08 Castle Age
18:33 Stone Mining
18:37 Gold Mining
19:09 Bloodlines
20:21 Bow Saw
24:20 Wheelbarrow
23:31 Town Watch
24:12 Heavy Plow
24:46 Caravan
25:34 Gold Shaft Mining
26:38 Hand Cart
28:15 Forging
28:11 Scale Barding Armor
29:27 Husbandry
35:58 Imperial Age
37:58 Conscription
36:58 Elite Mameluke
38:49 Iron Casting
38:34 Chain Barding Armor
37:45 Light Cavalry
40:21 Two-Man Saw
38:59 Hussar
43:11 Blast Furnace
42:46 Plate Barding Armor
43:44 Chemistry
43:04 Ballistics
42:55 Masonry
42:55 Fortified Wall
42:26 Treadmill Crane
42:51 Siege Engineers
45:37 Fletching
45:48 Padded Archer Armor
45:48 Scale Mail Armor
45:37 Gambesons
45:53 Squires
45:38 Arson
45:13 Pikeman
46:54 Murder Holes
46:45 Arrowslits
47:46 Town Patrol
47:43 Bodkin Arrow
48:04 Chain Mail Armor
48:04 Leather Archer Armor
47:13 Man-at-Arms
Connection lost

Rejoining the realm…

Still unreachable

The connection could not be restored.

Session expired

The server has moved on; the page needs a fresh start.